TOP OF THE 1ST |
Tijuana Toros batting - Pitching for Americus Braves : RHP Jose Clemente
|
Pitching: RHP Jose Clemente
|
|
Batting: RHB John Hanson
|
0-0: Ball 1-0: Called Strike 1-1: Ground out 6-3 (Groundball, 6, EV 83.1 MPH)
|
Batting: RHB Adam Maczko
|
0-0: Ball 1-0: Foul Ball, location: 2F 1-1: Foul Ball, location: 2F 1-2: Foul Ball, location: 2LF, Error on foul ball, E2 1-2: Ball 2-2: Foul Ball, location: 2F 2-2: SOLO HOME RUN (Flyball, 9LD, EV 95.6 MPH), Distance : 355 ft
|
Batting: RHB Felipe Rivera
|
0-0: Called Strike 0-1: Ball 1-1: Foul Ball, location: 2F 1-2: Strikes out swinging
|
Batting: RHB Guo Kwok
|
0-0: Called Strike 0-1: Called Strike 0-2: Ball 1-2: Strikes out swinging
|
Top of the 1st over - 1 run, 1 hit, 1 error, 0 left on base; Tijuana 1 - Americus 0 |
BOTTOM OF THE 1ST |
Americus Braves batting - Pitching for Tijuana Toros : LHP Cao-Ky Trieu
|
Pitching: LHP Cao-Ky Trieu
|
|
Batting: RHB Paul Holland
|
0-0: Ball 1-0: Called Strike 1-1: Ball 2-1: Foul Ball, location: 2F 2-2: DOUBLE (Line Drive, 89D, EV 107.5 MPH)
|
Batting: RHB Alex Guerra
|
0-0: Foul Ball, location: 2F 0-1: Swinging Strike 0-2: Ball 1-2: Strikes out looking
|
Batting: RHB Ricardo Joya
|
0-0: Ball 1-0: Ball 2-0: Ball 3-0: Base on Balls
|
Batting: RHB Carlos Livas
|
0-0: Fly out, F9 (Flyball, 9D, EV 101.2 MPH) Runner from 2nd tags up, SAFE at 3rd, no throw by RF
|
Batting: LHB Ivan Castillo
|
0-0: Ball 1-0: Fly out, F4 (Popup, 4S, EV 80.6 MPH)
|
Bottom of the 1st over - 0 runs, 1 hit, 0 errors, 2 left on base; Tijuana 1 - Americus 0 |
TOP OF THE 2ND |
Tijuana Toros batting - Pitching for Americus Braves : RHP Jose Clemente
|
Batting: RHB Tan-ming Kwan
|
0-0: DOUBLE (Line Drive, 8LXD, EV 106.2 MPH)
|
Batting: RHB Alex Diaz
|
0-0: Ball 1-0: Ground out 4-3 (Groundball, 4, EV 98.1 MPH) Tan-ming Kwan to third
|
Batting: RHB Yok-sing Zhào
|
0-0: Called Strike 0-1: Ball 1-1: Ball 2-1: Fly out, F9 (Flyball, 9D, EV 79.4 MPH) Runner from 3rd tags up, SCORES, throw by RF
|
Batting: RHB Mario Diaz
|
0-0: Called Strike 0-1: Ball 1-1: Swinging Strike 1-2: Ball 2-2: Foul Ball, location: 2F 2-2: Foul Ball, location: 2F 2-2: Ball 3-2: Base on Balls
|
Batting: RHB Guillermo Puente
|
0-0: Foul Ball, location: 2F 0-1: SINGLE (Groundball, 56S, EV 61.9 MPH) (infield hit) Mario Diaz to second
|
Batting: RHB John Hanson
|
0-0: Called Strike 0-1: Ball 1-1: Foul Ball, location: 2F 1-2: Fly out, F5 (Popup, 5SF, EV 85.6 MPH)
|
Top of the 2nd over - 1 run, 2 hits, 0 errors, 2 left on base; Tijuana 2 - Americus 0 |
BOTTOM OF THE 2ND |
Americus Braves batting - Pitching for Tijuana Toros : LHP Cao-Ky Trieu
|
Batting: RHB Wilson Salgado
|
0-0: Called Strike 0-1: Foul Ball, location: 2F 0-2: Foul Ball, location: 2F 0-2: Foul Ball, location: 2F 0-2: Ball 1-2: Ball 2-2: Ball 3-2: SINGLE (Groundball, 6S, EV 63.1 MPH) (infield hit)
|
Batting: LHB Roger Shearing
|
0-0: Fly out, F9 (Flyball, 9D, EV 101.2 MPH)
|
Batting: RHB Roberto Rios
|
0-0: Foul Ball, location: 2F 0-1: Grounds into double play, 6-4-3 (Groundball, 6, EV 103.8 MPH)
|
Bottom of the 2nd over - 0 runs, 1 hit, 0 errors, 0 left on base; Tijuana 2 - Americus 0 |
TOP OF THE 3RD |
Tijuana Toros batting - Pitching for Americus Braves : RHP Jose Clemente
|
Batting: RHB Adam Maczko
|
0-0: Ball 1-0: Ball 2-0: Ball 3-0: Base on Balls
|
Batting: RHB Felipe Rivera
|
0-0: Grounds into double play, 4-6-3 (Groundball, 4, EV 83.1 MPH)
|
Batting: RHB Guo Kwok
|
0-0: Fly out, F7 (Line Drive, 7LM, EV 100.0 MPH)
|
Top of the 3rd over - 0 runs, 0 hits, 0 errors, 0 left on base; Tijuana 2 - Americus 0 |
BOTTOM OF THE 3RD |
Americus Braves batting - Pitching for Tijuana Toros : LHP Cao-Ky Trieu
|
Batting: RHB Aaron Sartini
|
0-0: Swinging Strike 0-1: Foul Ball, location: 2F 0-2: Fly out, F8 (Line Drive, 8RD, EV 101.9 MPH)
|
Batting: RHB Paul Holland
|
0-0: Called Strike 0-1: Ball 1-1: Fly out, F9 (Line Drive, 9S, EV 91.2 MPH)
|
Batting: RHB Alex Guerra
|
0-0: Swinging Strike 0-1: Ball 1-1: Swinging Strike 1-2: Foul Ball, location: 2F 1-2: Strikes out swinging
|
Bottom of the 3rd over - 0 runs, 0 hits, 0 errors, 0 left on base; Tijuana 2 - Americus 0 |
TOP OF THE 4TH |
Tijuana Toros batting - Pitching for Americus Braves : RHP Jose Clemente
|
Batting: RHB Tan-ming Kwan
|
0-0: Foul Ball, location: 2F 0-1: Swinging Strike 0-2: Ball 1-2: Ball 2-2: Ball 3-2: Strikes out swinging
|
Batting: RHB Alex Diaz
|
0-0: Called Strike 0-1: Swinging Strike 0-2: Foul Ball, location: 2F 0-2: Ball 1-2: Ball 2-2: Ball 3-2: Strikes out swinging
|
Batting: RHB Yok-sing Zhào
|
0-0: Swinging Strike 0-1: Ball 1-1: Foul Ball, location: 2F 1-2: Ball 2-2: Strikes out swinging
|
Top of the 4th over - 0 runs, 0 hits, 0 errors, 0 left on base; Tijuana 2 - Americus 0 |
BOTTOM OF THE 4TH |
Americus Braves batting - Pitching for Tijuana Toros : LHP Cao-Ky Trieu
|
Batting: RHB Ricardo Joya
|
0-0: Swinging Strike 0-1: Swinging Strike 0-2: Foul Ball, location: 2F 0-2: Foul Ball, location: 2F 0-2: Strikes out swinging
|
Batting: RHB Carlos Livas
|
0-0: Called Strike 0-1: Ball 1-1: Called Strike 1-2: Hit by Pitch
|
Batting: LHB Ivan Castillo
|
0-0: Called Strike 0-1: Ball 1-1: Ball 2-1: Swinging Strike 2-2: Fly out, F7 (Flyball, 78M, EV 89.4 MPH)
|
Batting: RHB Wilson Salgado
|
0-0: Ball 1-0: SINGLE (Groundball, 6MD, EV 102.5 MPH) Carlos Livas to second Runner from 2nd tries for 3rd, SAFE, throw by CF made to third
|
Batting: LHB Roger Shearing
|
0-0: SINGLE (Groundball, 4MD, EV 100.6 MPH) Carlos Livas scores Wilson Salgado to second Runner from 2nd tries for 3rd, SAFE, no throw by CF
|
Batting: RHB Roberto Rios
|
0-0: Ball 1-0: Foul Ball, location: 2F 1-1: Ball 2-1: Ball Wild Pitch! Wilson Salgado scores Roger Shearing to second 3-1: Swinging Strike 3-2: Base on Balls
|
Batting: RHB Aaron Sartini
|
0-0: Ball 1-0: Called Strike 1-1: Ball 2-1: Ball 3-1: TRIPLE (Flyball, 78XD, EV 112.5 MPH) Roger Shearing scores Roberto Rios scores
|
Batting: RHB Paul Holland
|
0-0: Ball 1-0: Ground out 3-1 (Groundball, 34, EV 107.5 MPH)
|
Bottom of the 4th over - 4 runs, 3 hits, 0 errors, 1 left on base; Tijuana 2 - Americus 4 |
TOP OF THE 5TH |
Tijuana Toros batting - Pitching for Americus Braves : RHP Jose Clemente
|
Batting: RHB Mario Diaz
|
0-0: Ball 1-0: Swinging Strike 1-1: Swinging Strike 1-2: Ball 2-2: Strikes out looking
|
Batting: RHB Guillermo Puente
|
0-0: Called Strike 0-1: Called Strike 0-2: Foul Ball, location: 2F 0-2: Ball 1-2: Strikes out swinging
|
Batting: RHB John Hanson
|
0-0: Ground out 6-3 (Groundball, 6MD, EV 100.0 MPH)
|
Top of the 5th over - 0 runs, 0 hits, 0 errors, 0 left on base; Tijuana 2 - Americus 4 |
BOTTOM OF THE 5TH |
Americus Braves batting - Pitching for Tijuana Toros : LHP Cao-Ky Trieu
|
Batting: RHB Alex Guerra
|
0-0: Called Strike 0-1: Ball 1-1: Ball 2-1: Ground out U3 (Groundball, 34, EV 91.2 MPH)
|
Batting: RHB Ricardo Joya
|
0-0: Ball 1-0: Fly out, F3 (Popup, 3S, EV 71.9 MPH)
|
Batting: RHB Carlos Livas
|
0-0: Ground out 5-3 (Groundball, 25, EV 76.9 MPH)
|
Bottom of the 5th over - 0 runs, 0 hits, 0 errors, 0 left on base; Tijuana 2 - Americus 4 |
TOP OF THE 6TH |
Tijuana Toros batting - Pitching for Americus Braves : RHP Jose Clemente
|
Batting: RHB Adam Maczko
|
0-0: Called Strike 0-1: Ball 1-1: Called Strike 1-2: SINGLE (Flyball, 89S, EV 91.2 MPH)
|
Batting: RHB Felipe Rivera
|
0-0: Swinging Strike 0-1: Fielders Choice at 2nd, 5-4 (Groundball, 56, EV 81.2 MPH)
|
Pinch Hitting: RHB Carlos Gonzalez
|
0-0: Swinging Strike 0-1: Ball 1-1: Foul Ball, location: 2F 1-2: Foul Ball, location: 2F 1-2: Ball 2-2: Foul Ball, location: 2F 2-2: Foul Ball, location: 2F 2-2: Fly out, F7 (Flyball, 7, EV 88.1 MPH)
|
Batting: RHB Tan-ming Kwan
|
0-0: Ball 1-0: Foul Ball, location: 2F 1-1: Foul Ball, location: 2F 1-2: Ball 2-2: SINGLE (Flyball, 89S, EV 91.9 MPH) Felipe Rivera to second Throwing error, E9 Felipe Rivera scores Tan-ming Kwan to second
|
Batting: RHB Alex Diaz
|
0-0: Ball 1-0: Foul Ball, location: 2F 1-1: Foul Ball, location: 2F 1-2: Strikes out looking
|
Top of the 6th over - 1 run, 2 hits, 1 error, 1 left on base; Tijuana 3 - Americus 4 |
BOTTOM OF THE 6TH |
Americus Braves batting - Pitching for Tijuana Toros : LHP Cao-Ky Trieu
|
Now at 1B: Carlos Gonzalez
|
|
Batting: LHB Ivan Castillo
|
0-0: Ball 1-0: Ball 2-0: Ground out 1-3 (Groundball, 13S, EV 70.0 MPH)
|
Batting: RHB Wilson Salgado
|
0-0: Bunt for hit to 25 - play at first, batter OUT! 5-3
|
Batting: LHB Roger Shearing
|
0-0: Ball 1-0: Foul Ball, location: 2F 1-1: Ball 2-1: Called Strike 2-2: Ball 3-2: Strikes out looking
|
Bottom of the 6th over - 0 runs, 0 hits, 0 errors, 0 left on base; Tijuana 3 - Americus 4 |
TOP OF THE 7TH |
Tijuana Toros batting - Pitching for Americus Braves : RHP Jose Clemente
|
Pinch Hitting: SHB Javy Franco
|
0-0: Called Strike 0-1: Ball 1-1: Ball 2-1: Ball 3-1: Base on Balls
|
Pinch Hitting: LHB Jose Diaz
|
0-0: Called Strike 0-1: Ball 1-1: Called Strike 1-2: Fly out, F4 (Line Drive, 34D, EV 64.4 MPH)
|
Pitching: RHP Jason Barber
|
|
Pinch Hitting: LHB Pedro Garza
|
0-0: Ball 1-0: SINGLE (Groundball, 56D, EV 99.4 MPH) Javy Franco to second
|
Batting: RHB John Hanson
|
0-0: Ball 1-0: Called Strike 1-1: Ball 2-1: Swinging Strike 2-2: Strikes out swinging
|
Batting: RHB Adam Maczko
|
0-0: Swinging Strike 0-1: Ball 1-1: Ball 2-1: Ball 3-1: Swinging Strike 3-2: Strikes out swinging
|
Top of the 7th over - 0 runs, 1 hit, 0 errors, 2 left on base; Tijuana 3 - Americus 4 |
BOTTOM OF THE 7TH |
Americus Braves batting - Pitching for Tijuana Toros : LHP Cao-Ky Trieu
|
Now at 2B: Javy Franco
|
|
Now at SS: Tan-ming Kwan
|
|
Now in LF: Pedro Garza
|
|
Now in RF: Alex Noval
|
|
Batting: RHB Roberto Rios
|
0-0: Called Strike 0-1: Foul Ball, location: 2F 0-2: Ball 1-2: Foul Ball, location: 2F 1-2: Strikes out swinging
|
Batting: RHB Aaron Sartini
|
0-0: Called Strike 0-1: Ball 1-1: Called Strike 1-2: Ball 2-2: Ball 3-2: Foul Ball, location: 2F 3-2: DOUBLE (Line Drive, 9LS, EV 85.6 MPH) - OUT at third base trying to stretch hit.
|
Batting: RHB Paul Holland
|
0-0: Ball 1-0: Ball 2-0: Ball 3-0: Called Strike 3-1: Fly out, F8 (Flyball, 8RS, EV 82.5 MPH)
|
Bottom of the 7th over - 0 runs, 1 hit, 0 errors, 0 left on base; Tijuana 3 - Americus 4 |
TOP OF THE 8TH |
Tijuana Toros batting - Pitching for Americus Braves : RHP Jason Barber
|
Batting: RHB Felipe Rivera
|
0-0: Called Strike 0-1: Ball 1-1: Swinging Strike 1-2: Ball 2-2: Strikes out swinging
|
Batting: RHB Carlos Gonzalez
|
0-0: Ball 1-0: Called Strike 1-1: Foul Ball, location: 2F 1-2: Fly out, F8 (Flyball, 8RS, EV 83.1 MPH)
|
Pinch Hitting: RHB Djoka Subasic
|
0-0: Foul Ball, location: 2F 0-1: Fly out, F9 (Flyball, 89M, EV 86.9 MPH)
|
Top of the 8th over - 0 runs, 0 hits, 0 errors, 0 left on base; Tijuana 3 - Americus 4 |
BOTTOM OF THE 8TH |
Americus Braves batting - Pitching for Tijuana Toros : LHP Cao-Ky Trieu
|
Now at SS: Djoka Subasic
|
|
Batting: RHB Alex Guerra
|
0-0: Called Strike 0-1: Called Strike 0-2: Ball 1-2: Strikes out looking
|
Batting: RHB Ricardo Joya
|
0-0: Called Strike 0-1: Ball 1-1: Ball 2-1: Ball 3-1: Base on Balls
|
Pitching: RHP Bobby Altamirano
|
|
Batting: RHB Carlos Livas
|
0-0: Ball 1-0: Ball 2-0: Called Strike 2-1: Called Strike 2-2: Ball 3-2: SINGLE (Line Drive, 89S, EV 86.9 MPH) Ricardo Joya to second Runner from 2nd tries for 3rd, SAFE, throw by RF made to third
|
Batting: LHB Ivan Castillo
|
0-0: Ball Carlos Livas steals 2nd base 1-0: Intentional Walk
|
Batting: RHB Wilson Salgado
|
0-0: Foul Ball, location: 2F 0-1: Swinging Strike 0-2: Ball 1-2: Strikes out swinging
|
Batting: LHB Roger Shearing
|
0-0: Ball 1-0: Foul Ball, location: 2F 1-1: Called Strike 1-2: Strikes out swinging
|
Bottom of the 8th over - 0 runs, 1 hit, 0 errors, 3 left on base; Tijuana 3 - Americus 4 |
TOP OF THE 9TH |
Tijuana Toros batting - Pitching for Americus Braves : RHP Jason Barber
|
Pitching: RHP Outa Tamura
|
|
Pinch Hitting: RHB Jaylen North
|
0-0: Ball 1-0: Foul Ball, location: 2F 1-1: Ground out 4-3 (Groundball, 4, EV 104.4 MPH)
|
Batting: SHB Javy Franco
|
0-0: Called Strike 0-1: Ball 1-1: Ball 2-1: Foul Ball, location: 2F 2-2: Foul Ball, location: 2F 2-2: Ball 3-2: Foul Ball, location: 2F 3-2: Ground out 6-3 (Groundball, 6D, EV 108.8 MPH)
|
Batting: SHB Alex Noval
|
0-0: Ball 1-0: Foul Ball, location: 2F 1-1: Ball 2-1: Ball 3-1: Foul Ball, location: 2F 3-2: Foul Ball, location: 2F 3-2: Base on Balls
|
Batting: LHB Pedro Garza
|
0-0: Ball 1-0: Foul Ball, location: 2F 1-1: Ball 2-1: Foul Ball, location: 2F 2-2: Strikes out looking
|
Top of the 9th over - 0 runs, 0 hits, 0 errors, 1 left on base; Tijuana 3 - Americus 4 |
|